 Dungeon Crawl Stone Soup version 0.30.1-9-gdf580d7c3d (webtiles) character file.

Game seed: 14272483078806191316

35294 Blei the Severer (level 13, -1/113 HPs)
             Began as a Demonspawn Fighter on Oct 2, 2023.
             Was a Priest of Wu Jian.
             Killed from afar by Jorgrun (42 damage)
             ... with an iron shot
             ... on level 15 of the Dungeon.
             The game lasted 01:29:25 (16229 turns).

Blei the Severer (Demonspawn Fighter)              Turns: 16229, Time: 01:29:26

Health: -1/113     AC: 23    Str: 22    XL:     13   Next: 46%
Magic:  13/13      EV: 17    Int: 10    God:    Wu Jian [***...]
Gold:   997        SH:  0    Dex: 12    Spells: 12/12 levels left

rFire   . . .        K - +3 battleaxe
rCold   . . .        (shield currently unavailable)
rNeg    . . .        U - +0 plate armour
rPois   .            B - +0 helmet
rElec   .            y - +0 cloak
rCorr   .            u - +2 pair of gloves
SInv    .            x - +1 pair of boots {Fly}
Will    .....        g - amulet of regeneration Stlth
                     r - +5 ring of evasion
HPRegen 1.18/turn    A - +5 ring of evasion
MPRegen 0.13/turn

%: no passive effects
@: flying
A: rugged brown scales 2, demonic guardian 3, powered by death 1, weakness
stinger 2
a: Renounce Religion, Wall Jump, Serpent's Lash


You were on level 15 of the Dungeon.
You worshipped Wu Jian.
Wu Jian was most pleased with you.
You visited 3 branches of the dungeon, and saw 18 of its levels.
You also visited: Sewer and Bailey.

You collected 997 gold pieces.

Inventory:

Hand Weapons
 m - a +0 arbalest
 K - a +3 battleaxe (weapon)
 W - a +3 sling
Missiles
 e - 13 boomerangs (quivered)
 i - 5 atropa-tipped darts
 t - 4 throwing nets
 X - 6 javelins
Armour
 c - a +0 tower shield
 u - a +2 pair of gloves (worn)
 x - a +1 pair of boots of flying (worn)
 y - a +0 cloak (worn)
 B - a +0 helmet (worn)
 U - a +0 plate armour (worn)
Jewellery
 g - an amulet of regeneration (around neck)
 r - a +5 ring of evasion (left hand)
 A - a +5 ring of evasion (right hand)
Wands
 b - a wand of flame (31)
 D - a wand of polymorph (6)
 O - a wand of quicksilver (10)
 S - a wand of iceblast (4)
Scrolls
 f - 5 scrolls of magic mapping
 h - a scroll of fog
 j - a scroll of identify
 k - 4 scrolls of fear
 q - a scroll of poison
 s - 6 scrolls of teleportation
 C - a scroll of silence
 E - 2 scrolls of blinking
Potions
 a - a potion of curing
 d - 4 potions of might
 l - 5 potions of invisibility
 n - a potion of lignification {unknown}
 o - 7 potions of mutation
 z - a potion of cancellation {unknown}
 G - a potion of attraction
 M - a potion of ambrosia
 P - 2 potions of heal wounds
 Q - 3 potions of haste
 T - a potion of experience {unknown}
 V - a potion of resistance
 Z - a potion of berserk rage {unknown}


   Skills:
 * Level 12.1 Fighting
 - Level 16.0 Axes
 * Level 4.2 Ranged Weapons
 - Level 5.0 Throwing
 + Level 7.2 Armour
 + Level 1.0 Dodging
 - Level 2.6 Shields
 + Level 0.1 Evocations


You had 12 spell levels left.
You didn't know any spells.
Your spell library contained the following spells:

 Spells                   Type           Power      Damage    Failure   Level
 Apportation              Tloc           0%         N/A       99%         1
 Kiss of Death            Conj/Necr      0%         2d5       99%         1
 Necrotise                Necr           0%         1d4       99%         1
 Summon Small Mammal      Summ           0%         N/A       99%         1
 Ensorcelled Hibernation  Hex/Ice        0%         N/A       100%        2
 Passwall                 Tmut/Erth      0%         N/A       100%        2
 Static Discharge         Conj/Air       0%         2-2/arc   100%        2
 Confusing Touch          Hex            0%         N/A       100%        3
 Dazzling Flash           Conj/Hex       0%         N/A       100%        3
 Hailstorm                Conj/Ice       0%         3d3       100%        3
 Spider Form              Tmut/Pois      0%         N/A       100%        3
 Swiftness                Air            0%         N/A       100%        3
 Teleport Other           Tloc           0%         N/A       100%        3
 Volatile Blastmotes      Fire/Tloc      0%         2d10      100%        3
 Airstrike                Air            0%         2d(0-16)  100%        4
 Anguish                  Hex/Necr       0%         N/A       100%        4
 Cause Fear               Hex            0%         N/A       100%        4
 Dispel Undead            Necr           0%         3d6       100%        4
 Ice Form                 Ice/Tmut       0%         N/A       100%        4
 Iskenderun's Mystic Bla  Conj/Tloc      0%         2d3       100%        4
 Passage of Golubria      Tloc           0%         N/A       100%        4
 Summon Lightning Spire   Summ/Air       0%         N/A       100%        4
 Agony                    Necr           0%         N/A       100%        5
 Silence                  Hex/Air        0%         N/A       100%        5
 Summon Forest            Summ/Tloc      0%         N/A       100%        5
 Simulacrum               Ice/Necr       0%         N/A       100%        6
 Starburst                Conj/Fire      0%         6d3       100%        6
 Dragon Form              Tmut           0%         N/A       100%        7
 Storm Form               Tmut/Air       0%         N/A       100%        7
 Maxwell's Capacitive Co  Air            0%         ∞         100%        8
 Dragon's Call            Summ           0%         N/A       100%        9


Dungeon Overview and Level Annotations

Branches:
Dungeon (15/15)            Temple (1/1) D:5            Lair (2/5) D:8
    Orc (0/2) D:10         Vaults (0/5) D:14          Sewer (visited)
 Bailey (visited)
  Swamp: Lair:2-3    Shoals: Lair:2-3     Snake: Lair:2-3    Spider: Lair:2-3
 Depths: D:15

Altars:
Ashenzari
Cheibriados
Dithmenos
Fedhas
Gozag
Hepliaklqana
Kikubaaqudgha
Makhleb
Nemelex Xobeh
Okawaru
Qazlal
Ru
Sif Muna
Trog
Uskayaw
Vehumet
Wu Jian
Xom
Yredelemnul
Jiyva

Shops:
D:2 (   D:11 (

Annotations:
D:15 Jorgrun
Lair:2 1 runed translucent door, Erica; chujev's ghost, journeyman HOBr


Innate Abilities, Weirdness & Mutations

You are mostly covered in rugged brown scales. (AC +2, +5% HP)
A powerful demonic guardian rushes to your aid.
You regenerate a little health from kills.
You have a tail ending in a sharp stinger.


Message History

The arrow hits you!
Jorgrun hits the plant with a +0 heavy quarterstaff!!
The centaur warrior shoots an arrow.
The arrow hits you but does no damage.
The centaur warrior shoots an arrow.
The arrow misses you.
The centaur warrior shoots an arrow.
The arrow hits you!
The centaur warrior shoots an arrow.
The arrow hits you.
The centaur warrior shoots an arrow.
The arrow hits you.
The centaur warrior shoots an arrow.
The arrow hits you!
You hear a grinding noise.
The centaur warrior shoots an arrow.
The arrow hits you!
You start resting.
A centaur warrior is nearby!
The centaur warrior shoots an arrow.
The arrow hits you but does no damage.
The centaur warrior shoots an arrow.
The arrow hits you!
A demonic guardian appears!
The centaur warrior shoots an arrow.
The arrow hits your sun demon!
Some rock shatters into small pieces.
The centaur warrior shoots an arrow.
The arrow hits your sun demon!
Your sun demon hits the centaur warrior!
The centaur warrior is engulfed in flames!!
The centaur warrior shoots an arrow.
The arrow hits your sun demon!
The centaur warrior unwields a +0 shortbow.
The centaur warrior hits your sun demon!
The centaur warrior closely misses your sun demon.
Your sun demon hits the centaur warrior!!
The centaur warrior dies!
The Council accepts your kill.
You hear a splash.
Some rock shatters into small pieces.
Okay, then.
Okay, then.
Okay, then.
Okay, then.
Okay, then.
Okay, then.
Your sun demon barely misses Jorgrun.
Jorgrun says, "'tis place shall be yer tomb!"
Jorgrun gestures at you while chanting. The iron shot hits you!!!
You die...

#....#.# #.# #...#
#.##.#...#.#####...#####
#.#..#.#.#.##..........#
.#..#.#...##.........(#
...#.#.#.##..........#
.#..#.#....#..........##
#..#.#...............[#
#..#......#...))......#
#..~.g@...#..<.).......
#.~~3#....##########..#
#~~)~~......... .
#~~~~~##..#####
##~~~........
#.~####....#. #....
....# #.#... ...##
#.#...# ....


You could see Jorgrun (ally target) and a friendly sun demon (summoned).

Vanquished Creatures
  4 vault guards (D:14)
  Harold (Lair:1)
  2 centaur warriors (D:13)
  A two-headed ogre (D:14)
  A wizard (D:14)
  2 orc knights (Bailey)
  4 deep elf pyromancers
  3 ugly things
  2 manticores
  A salamander (shapeshifter) (D:13)
  A cyclops (D:11)
  4 cane toads
  Maggie (D:9)
  3 gargoyles
  3 efreet
  A yaktaur (D:14)
  A rime drake (D:8)
  2 komodo dragons (Lair:1)
  A tengu conjurer (D:14)
  5 trolls
  A blink frog (shapeshifter) (D:14)
  A centaur simulacrum (D:10)
  4 slime creatures (D:14)
  2 shadows
  A water elemental (D:14)
  2 vampires
  A wraith (D:10)
  3 wyverns
  22 yaks
  A basilisk (D:12)
  2 steam dragons (D:7)
  9 vampire mosquitoes
  2 wargs (D:8)
  An acid dragon (D:12)
  6 water moccasins
  Duvessa (D:7)
  7 orc warriors
  6 sky beasts
  2 ice beasts
  A black bear (D:7)
  An ogre (D:5)
  11 centaurs
  9 wolves
  A phantom (D:4)
  6 kobold brigands
  7 bullfrogs
  10 wights
  Dowan (D:7)
  4 howler monkeys
  An electric eel (D:10)
  A lava snake (D:11)
  4 hounds
  7 jellies
  Crazy Yiuf (D:3)
  4 orc priests
  A gnoll bouda (D:5)
  4 iguanas
  2 sleepcaps
  11 orc wizards
  9 gnolls
  11 adders
  2 river rats (D:4)
  A shadow imp (D:5)
  4 white imps
  3 ufetubi
  A dart slug (D:1)
  58 orcs
  15 ball pythons
  3 bats
  10 endoplasms
  9 giant cockroaches
  5 goblins
  8 hobgoblins
  10 jackals
  39 kobolds
  11 quokkas
  8 frilled lizards
  5 rats
416 creatures vanquished.

Vanquished Creatures (collateral kills)
  A hydra (Lair:2)
  A vault guard (D:14)
  3 centaur warriors
  A gargoyle (D:13)
  A wolf spider simulacrum (D:13)
  3 slime creatures (D:14)
  A wraith (D:14)
  A yak (D:8)
  Menkaure (D:7)
  An acid dragon (D:9)
  An ice beast (shapeshifter) (D:15)
  A sky beast (D:7)
  An orc warrior (Bailey)
  6 centaurs
  A scorpion (D:6)
  An orc (Bailey)
  A kobold (D:8)
26 creatures vanquished.

Vanquished Creatures (others)
  A vampire mosquito (D:12)
1 creature vanquished.

Grand Total: 443 creatures vanquished

Notes
Turn   | Place    | Note
-------+----------+-------------------------------------------
     0 | D:1      | Blei the Demonspawn Fighter began the quest for the Orb.
     0 | D:1      | Reached XP level 1. HP: 18/18 MP: 1/1
    81 | D:1      | Reached skill level 2 in Axes
   217 | D:1      | Gained mutation: You have a small tail. [demonic ancestry]
   217 | D:1      | Reached XP level 2. HP: 17/24 MP: 2/2
  1118 | D:2      | Reached XP level 3. HP: 29/29 MP: 3/3
  1145 | D:2      | Reached skill level 3 in Axes
  1155 | D:2      | Gained mutation: You regenerate a little health from kills.
                  | [demonic ancestry]
  1155 | D:2      | Reached XP level 4. HP: 11/35 MP: 4/4
  1284 | D:2      | Found Hagob's Weapon Boutique.
  1894 | D:3      | Found a faded altar of an unknown god.
  1897 | D:3      | Found a sparkling altar of Nemelex Xobeh.
  2342 | D:3      | Reached skill level 4 in Axes
  2404 | D:3      | Found a runed translucent door.
  2405 | D:3      | Noticed Crazy Yiuf
  2681 | D:3      | Killed Crazy Yiuf
  2682 | D:3      | Reached XP level 5. HP: 30/42 MP: 5/5
  2687 | D:3      | Identified the +4 hammer "Kogecsu" {elec, Int+8 Stlth-}
  2860 | D:4      | Noticed a phantom
  2874 | D:4      | Killed a phantom
  3076 | D:4      | Found a glowing drain.
  3093 | D:4      | Reached skill level 5 in Axes
  3118 | Sewer    | Entered a sewer
  3198 | Sewer    | Gained mutation: A weak demonic guardian rushes to your
                  | aid. [demonic ancestry]
  3198 | Sewer    | Reached XP level 6. HP: 48/48 MP: 6/6
  3474 | Sewer    | Reached skill level 6 in Axes
  3792 | D:4      | Gained mutation: A demonic guardian rushes to your aid.
                  | [demonic ancestry]
  3792 | D:4      | Reached XP level 7. HP: 54/54 MP: 7/7
  3973 | D:5      | Entered Level 5 of the Dungeon
  4121 | D:5      | Reached skill level 7 in Axes
  4559 | D:5      | Reached skill level 8 in Axes
  4559 | D:5      | Gained mutation: You are partially covered in rugged brown
                  | scales. (AC +1, +3% HP) [demonic ancestry]
  4559 | D:5      | Reached XP level 8. HP: 26/62 MP: 5/8
  4720 | D:5      | Found a staircase to the Ecumenical Temple.
  4739 | Temple   | Entered the Ecumenical Temple
  5173 | D:6      | Found a stormy altar of Qazlal.
  5423 | D:6      | Reached skill level 5 in Fighting
  5731 | D:6      | Found a sacrificial altar of Ru.
  6135 | D:7      | Reached skill level 9 in Axes
  6493 | D:7      | Reached skill level 10 in Axes
  6530 | D:7      | Noticed Dowan
  6531 | D:7      | Noticed Duvessa
  6538 | D:7      | Killed Duvessa
  6539 | D:7      | Reached XP level 9. HP: 70/70 MP: 9/9
  6540 | D:7      | Killed Dowan
  6700 | D:7      | Noticed Menkaure
  6705 | D:7      | Killed Menkaure
  6731 | D:7      | Reached skill level 11 in Axes
  6978 | D:7      | Found a radiant altar of Vehumet.
  6997 | D:7      | Found a basalt altar of Yredelemnul.
  7577 | D:8      | Gained mutation: You have a tail ending in a sharp stinger.
                  | [demonic ancestry]
  7577 | D:8      | Reached XP level 10. HP: 28/79 MP: 3/10
  7726 | D:8      | Found a staircase to the Lair.
  7846 | D:8      | Found a flagged portal.
  7867 | Bailey   | Entered a bailey
  7969 | Bailey   | Noticed an orc knight
  8002 | Bailey   | Killed an orc knight
  8005 | Bailey   | Reached skill level 12 in Axes
  8062 | Bailey   | Noticed an orc knight
  8083 | Bailey   | Killed an orc knight
  8662 | D:8      | Found a viscous altar of Jiyva.
  8951 | D:9      | Found an ancient bone altar of Kikubaaqudgha.
  9170 | D:9      | Reached skill level 5 in Armour
  9483 | D:9      | Noticed Maggie
  9499 | D:9      | Killed Maggie
  9734 | D:10     | Entered Level 10 of the Dungeon
  9745 | D:10     | Got the Excursus on the Vector
  9839 | D:10     | Reached skill level 13 in Axes
  9960 | D:10     | Gained mutation: A powerful demonic guardian rushes to your
                  | aid. [demonic ancestry]
  9960 | D:10     | Reached XP level 11. HP: 79/88 MP: 8/11
 10220 | D:10     | Found an ornate altar of the Wu Jian Council.
 10221 | D:10     | Found a snail-covered altar of Cheibriados.
 10285 | D:10     | Found a staircase to the Orcish Mines.
 10563 | D:11     | Noticed a deep elf pyromancer
 10573 | D:11     | Killed a deep elf pyromancer
 10632 | D:10     | Became a worshipper of the Wu Jian Council
 10716 | Lair:1   | Entered Level 1 of the Lair of Beasts
 10739 | Lair:1   | Reached skill level 1 in Ranged Weapons
 10748 | Lair:1   | Noticed Harold
 10764 | Lair:1   | Killed Harold
 10882 | D:8      | Reached skill level 14 in Axes
 11167 | Lair:1   | Reached * piety under Wu Jian
 11629 | Lair:2   | Found a runed translucent door.
 11634 | Lair:2   | Noticed chujev's ghost (journeyman HOBr)
 11765 | Lair:2   | Noticed a seven-headed hydra
 11805 | Lair:2   | Killed an 11-headed hydra
 11841 | Lair:2   | Noticed Erica
 11859 | Lair:2   | Reached XP level 12. HP: 33/98 MP: 12/12
 12472 | D:11     | Reached skill level 15 in Axes
 12702 | D:11     | You are sucked into a shaft and drop 3 floors!
 12734 | D:14     | a salamander changed into an entropy weaver
 12734 | D:14     | Noticed an entropy weaver (shapeshifter)
 12740 | D:14     | an entropy weaver changed into a blink frog
 12774 | D:15     | Entered Level 15 of the Dungeon
 12775 | D:15     | Noticed a centaur warrior
 12789 | D:15     | Killed a centaur warrior
 12789 | D:15     | Reached ** piety under Wu Jian
 12790 | D:15     | Reached skill level 10 in Fighting
 12845 | D:14     | Noticed a two-headed ogre
 12852 | D:14     | Killed a two-headed ogre
 13349 | D:12     | Reached skill level 1 in Throwing
 13391 | D:12     | Identified the +3 long sword of Tumult {freeze, Stlth+}
 13435 | D:12     | Reached skill level 16 in Axes
 13481 | D:11     | Found Foih's Weapon Shop.
 14218 | D:12     | Reached skill level 5 in Throwing
 14523 | D:13     | Noticed a centaur warrior
 14530 | D:13     | Killed a centaur warrior
 14532 | D:13     | Reached skill level 1 in Dodging
 14684 | D:13     | Noticed a centaur warrior
 14705 | D:13     | Killed a centaur warrior
 14800 | D:13     | Gained mutation: You are mostly covered in rugged brown
                  | scales. (AC +2, +5% HP) [demonic ancestry]
 14800 | D:13     | Reached XP level 13. HP: 76/110 MP: 13/13
 15558 | D:8      | Identified a scroll of acquirement
 15918 | D:14     | Reached *** piety under Wu Jian
 16004 | D:14     | Found a gate to the Vaults.
 16202 | D:15     | Noticed Jorgrun
 16229 | D:15     | Killed from afar by Jorgrun

Illustrated notes

Levels and vault maps discovered:
D:1:      nicolae_arrival_washed_ashore, layout_basic
D:2:      layout_loops_ring, serial_shops, shop
D:3:      layout_loops_ring, nicolae_overflow_ecumenical_swirl,
          chequers_big_river, nicolae_half_adder, uniq_crazy_yiuf_cottage
D:4:      layout_rooms, portal_sewer_entry_b, chequers_serial_rivers_marsh,
          nicolae_eternal_life
D:5:      nicolae_cairo_tiling_large, layout_rooms, kennysheep_generic_room_3
D:6:      layout_basic, general_overflow_altar, nicolae_qazlal_general_emergency
D:7:      layout_loops_ring, lemuel_crystal_altar, nicolae_vehumet_radiance,
          serial_bayou_pond_d, hangedman_misty_isle, uniq_duvessa, uniq_menkaure
D:8:      layout_loops_cross, lemuel_doored_altar, erik_lair_orcish_takeover,
          enter_bailey_4, jiyva_altar_1
D:9:      layout_long_grid, kiku_gazebo_pond_becter, uniq_maggie
D:10:     layout_roguey, mainiacjoe_overflow_catwalk_spiral, orc_0_dummy,
          serial_ice, serial_ice_h, serial_ice_n, serial_ice_a, serial_ice_c,
          serial_ice_l, serial_ice_b, kennysheep_doodads
D:11:     layout_small_grid, serial_shops, shop, kennysheep_path_1,
          tso_metal_star
D:12:     layout_loops_ring
D:13:     layout_basic
D:14:     layout_rooms, grunt_vaults_entry_fortified, kennysheep_big_empty_room
D:15:     gammafunk_depths_entry_grave, layout_basic,
          nicolae_elyvilon_temple_path, uniq_jorgrun
Temple:   compressed_dpeg_triangle_lava_temple
Lair:1:   layout_gridlike, grunt_megastairs_4, uniq_harold
Lair:2:   layout_hall_layers, minmay_swamp_entry_worms, spider_nest_entry_a,
          ebering_ghost_inner_flame, chequers_serial_rivers_large_b,
          lemuel_fruit_fields, infiniplex_staircase_pool, uniq_erica

Skill      XL: |  1  2  3  4  5  6  7  8  9 10 11 12 13 |
---------------+----------------------------------------+-----
Axes           | 2 3 4 5 6 8 10 11 13 14 16 | 16.0
Fighting       | 4 5 6 8 9 10 12 | 12.1
Armour         | 4 5 6 7 |  7.2
Ranged Weapons | 1 4 |  4.2
Throwing       | 5 |  5.0
Dodging        | 1 |  1.0
Shields        | |  2.6
Evocations     | |  0.1

Action                     |  1- 3 |  4- 6 |  7- 9 | 10-12 | 13-15 || total
---------------------------+-------+-------+-------+-------+-------++-------
  Melee: War axe           |    79 |   233 |   212 |       |       ||   524
         Tailslap          |    14 |    19 |    52 |    96 |    19 ||   200
         Battleaxe         |       |       |   173 |   587 |    79 ||   839
   Fire: Sling             |       |       |       |     9 |       ||     9
         Longbow           |       |       |       |       |    27 ||    27
  Throw: Boomerang         |     3 |       |    20 |    10 |     8 ||    41
         Dart              |     2 |     1 |    14 |     6 |       ||    23
Ability: Whirlwind         |       |       |       |    10 |     3 ||    13
         Lunge             |       |       |       |    11 |     6 ||    17
  Evoke: Wand              |       |       |       |     7 |       ||     7
    Use: Scroll            |       |     5 |     6 |     3 |     7 ||    21
   Stab: Distracted        |       |       |       |     2 |       ||     2
 Armour: Scale mail        |    43 |    76 |   127 |       |       ||   246
         Plate armour      |       |       |    35 |   495 |    42 ||   572
  Dodge: Dodged            |    32 |   165 |   214 |   413 |    82 ||   906
  Block: Buckler           |    13 |    47 |    43 |       |       ||   103
